 Dungeon Crawl Stone Soup version 0.22.0-25-g7663229 (webtiles) character file.

167 Lauz the Charmwright (level 5, -4/43 HPs)
             Began as a Gnoll Skald on Aug 20, 2018.
             Slain by a bullfrog (5 damage)
             ... on level 6 of the Dungeon.
             The game lasted 00:12:10 (3448 turns).

Lauz the Charmwright (Gnoll Skald)                  Turns: 3448, Time: 00:12:11

Health: -4/43      AC:  4    Str: 15    XL:     5   Next: 48%
Magic:  12/12      EV: 14    Int: 15    God:
Gold:   104        SH:  0    Dex: 14    Spells: 8/14 levels left

rFire    . . .     SeeInvis .   a - +0 hand axe
rCold    . . .     Gourm    .   (no shield)
rNeg     . . .     Faith    .   c - +0 leather armour (curse)
rPois    .         Spirit   .   (no helmet)
rElec    .         Reflect  .   (no cloak)
rCorr    .         Harm     .   (no gloves)
MR       .....                  h - +0 pair of boots
Stlth    ++........             (no amulet)
HPRegen  0.14/turn              (no ring)
MPRegen  0.13/turn              (no ring)

@: no status effects
A: distributed training, fangs 1, strong nose
a: no special abilities


You were on level 6 of the Dungeon.
You were very hungry.

You visited 1 branch of the dungeon, and saw 6 of its levels.

You collected 104 gold pieces.

Inventory:

Hand Weapons
 a - a +0 hand axe (weapon)
Armour
 b - a +0 leather armour
 c - a cursed +0 leather armour (worn)
 f - a +0 ring mail
 h - a +0 pair of boots (worn)
Wands
 p - a wand of iceblast (17)
Scrolls
 e - 4 scrolls of identify {unknown}
 g - a scroll of enchant weapon {unknown}
 i - a scroll of remove curse {unknown}
Potions
 j - 2 potions of flight {unknown}
 k - a potion of cancellation {unknown}
 l - a potion of ambrosia {unknown}
 m - a potion of berserk rage {unknown}
 n - a potion of resistance {unknown}
 o - 2 potions of heal wounds {unknown}
Comestibles
 d - 9 rations


   Skills:
 + Level 4.8 Fighting
 + Level 1.4 Short Blades
 + Level 1.4 Long Blades
 + Level 4.8 Axes
 + Level 1.4 Maces & Flails
 + Level 1.4 Polearms
 + Level 1.4 Staves
 + Level 1.4 Slings
 + Level 1.4 Bows
 + Level 1.4 Crossbows
 + Level 1.4 Throwing
 + Level 3.0 Armour
 + Level 4.8 Dodging
 + Level 1.4 Stealth
 + Level 1.4 Shields
 + Level 1.4 Unarmed Combat
 + Level 5.2 Spellcasting
 + Level 1.1 Conjurations
 + Level 1.1 Hexes
 + Level 5.5 Charms
 + Level 1.1 Summonings
 + Level 1.1 Necromancy
 + Level 1.1 Translocations
 + Level 1.1 Transmutations
 + Level 1.1 Fire Magic
 + Level 1.1 Ice Magic
 + Level 1.1 Air Magic
 + Level 1.1 Earth Magic
 + Level 1.1 Poison Magic
 + Level 1.6 Invocations
 + Level 1.4 Evocations


You had 8 spell levels left.
You knew the following spells:

 Your Spells              Type           Power        Failure   Level  Hunger
a - Infusion              Chrm           ###.         1%          1    None
b - Song of Slaying       Chrm           ###.....     3%          2    ##.....
c - Spectral Weapon       Hex/Chrm       ##......     14%         3    ###....

Your spell library contained the following spells:

 Spells                   Type           Power        Failure   Level  Hunger
 Shroud of Golubria       Chrm/Tloc      ##........   8%          2    ##.....
 Regeneration             Chrm/Necr      ##........   14%         3    ###....


Dungeon Overview and Level Annotations

Branches:
Dungeon (6/15)
 Temple: D:4-7

Altars:
Dithmenos
Gozag
Makhleb
Ru
Uskayaw
Zin

Shops:
D:5 !

Annotations:
D:4 Sigmund


Innate Abilities, Weirdness & Mutations

Your experience applies equally to all skills.
You have very sharp teeth.
Your uncanny sense of smell can sniff out nearby items.


Message History

The bullfrog barely misses you. The bullfrog hits you.
You open the door. The bullfrog hits you. The adder zombie bites you.
The bullfrog barely misses you.
There is an open door here.
A worker ant comes into view.
The bullfrog hits you.
The bullfrog snags a nearby blue-tailed skink with its tongue.
The bullfrog hits you. The bullfrog hits you.
* * * LOW HITPOINT WARNING * * *
The bullfrog releases a deep croak.
The bullfrog hits you!
* * * LOW HITPOINT WARNING * * *
The bullfrog barely misses you. The bullfrog misses you. The phantom hits you.
* * * LOW HITPOINT WARNING * * *
The bullfrog hits you.
You die...

##...## ∆#.#
##.....## ####.#
##.......## ##.##.#
#.........####...#a#
+.........'........#
#.........####..W#.#
#.......## ##.##.#
##....W## #WFZ.#
##..W## #@#### ##'##
#.# #.###### #.#
#....W.# #.#
######......####.#
.?..#............#
#.....W...######
#.......#.#
####.####.#


You could see 2 phantoms, a bullfrog and an adder zombie.

Vanquished Creatures
  Ijyb (D:3)
  Natasha (twice) (D:3)
  3 adders
  2 worms
  2 dart slugs (D:2)
  A leopard gecko (D:5)
  8 bats
  3 giant cockroaches
  9 goblins
  6 hobgoblins
  4 jackals (D:1)
  A quokka (D:3)
  A frilled lizard (D:1)
  6 kobolds
  2 rats (D:1)
51 creatures vanquished.

Notes
Turn   | Place    | Note
-------+----------+-------------------------------------------
     0 | D:1      | Lauz the Gnoll Skald began the quest for the Orb.
     0 | D:1      | Reached XP level 1. HP: 20/20 MP: 6/6
   146 | D:1      | Reached XP level 2. HP: 26/26 MP: 7/7
   514 | D:1      | Reached XP level 3. HP: 31/31 MP: 6/9
   768 | D:2      | Reached skill level 5 in Spellcasting
  1163 | D:2      | Learned a level 2 spell: Song of Slaying
  1167 | D:2      | Learned a level 3 spell: Spectral Weapon
  1445 | D:2      | Reached skill level 1 in Invocations
  1570 | D:2      | Found an opulent altar of Gozag.
  1575 | D:2      | Found a sacrificial altar of Ru.
  1590 | D:2      | Found a glowing silver altar of Zin.
  1590 | D:2      | Found a shadowy altar of Dithmenos.
  1608 | D:2      | Reached skill level 1 in Short Blades
  1608 | D:2      | Reached skill level 1 in Long Blades
  1608 | D:2      | Reached skill level 1 in Maces & Flails
  1608 | D:2      | Reached skill level 1 in Polearms
  1608 | D:2      | Reached skill level 1 in Staves
  1608 | D:2      | Reached skill level 1 in Slings
  1608 | D:2      | Reached skill level 1 in Bows
  1608 | D:2      | Reached skill level 1 in Crossbows
  1608 | D:2      | Reached skill level 1 in Throwing
  1608 | D:2      | Reached skill level 1 in Stealth
  1608 | D:2      | Reached skill level 1 in Shields
  1608 | D:2      | Reached skill level 1 in Unarmed Combat
  1608 | D:2      | Reached skill level 1 in Evocations
  1613 | D:2      | Reached XP level 4. HP: 20/38 MP: 3/11
  2327 | D:3      | Found a hide-covered altar of Uskayaw.
  2327 | D:3      | Noticed a dagger
  2337 | D:3      | Noticed a hand axe
  2606 | D:3      | Noticed Ijyb
  2621 | D:3      | Killed Ijyb
  2621 | D:3      | Reached skill level 1 in Conjurations
  2621 | D:3      | Reached skill level 1 in Hexes
  2621 | D:3      | Reached skill level 1 in Summonings
  2621 | D:3      | Reached skill level 1 in Necromancy
  2621 | D:3      | Reached skill level 1 in Translocations
  2621 | D:3      | Reached skill level 1 in Transmutations
  2621 | D:3      | Reached skill level 1 in Fire Magic
  2621 | D:3      | Reached skill level 1 in Ice Magic
  2621 | D:3      | Reached skill level 1 in Air Magic
  2621 | D:3      | Reached skill level 1 in Earth Magic
  2621 | D:3      | Reached skill level 1 in Poison Magic
  2652 | D:3      | Noticed Natasha
  2663 | D:3      | Killed Natasha
  2663 | D:3      | Reached XP level 5. HP: 32/43 MP: 5/12
  2819 | D:3      | Found a burning altar of Makhleb.
  2819 | D:3      | Noticed a cacodemon
  2822 | D:3      | Noticed a smoke demon
  2822 | D:3      | Noticed a neqoxec
  2853 | D:3      | Noticed Natasha
  2875 | D:3      | Killed Natasha
  3129 | D:4      | Noticed Sigmund
  3150 | D:5      | Entered Level 5 of the Dungeon
  3182 | D:5      | Found Geosoenei's Distillery.
  3357 | D:6      | Noticed a phantom
  3422 | D:6      | Noticed a phantom
  3447 | D:6      | HP: 1/43 [phantom (4)]
  3448 | D:6      | Slain by a bullfrog

Skill      XL: |  1  2  3  4  5 |
---------------+----------------+-----
Spellcasting   | 5 |  5.2
Invocations    | 1 |  1.6
Short Blades   | 1 |  1.4
Long Blades    | 1 |  1.4
Maces & Flails | 1 |  1.4
Polearms       | 1 |  1.4
Staves         | 1 |  1.4
Slings         | 1 |  1.4
Bows           | 1 |  1.4
Crossbows      | 1 |  1.4
Throwing       | 1 |  1.4
Stealth        | 1 |  1.4
Shields        | 1 |  1.4
Unarmed Combat | 1 |  1.4
Evocations     | 1 |  1.4
Conjurations   | 1 |  1.1
Hexes          | 1 |  1.1
Summonings     | 1 |  1.1
Necromancy     | 1 |  1.1
Translocations | 1 |  1.1
Transmutations | 1 |  1.1
Fire Magic     | 1 |  1.1
Ice Magic      | 1 |  1.1
Air Magic      | 1 |  1.1
Earth Magic    | 1 |  1.1
Poison Magic   | 1 |  1.1
Armour         | 3 |  3.0
Fighting       | |  4.8
Axes           | |  4.8
Dodging        | |  4.8
Charms         | |  5.5

Action                   |  1- 3 |  4- 6 || total
-------------------------+-------+-------++-------
Melee: Hand axe          |    97 |    93 ||   190
       Bite              |     3 |     6 ||     9
 Cast: Infusion          |     6 |     3 ||     9
       Spectral Weapon   |       |     2 ||     2
       Song of Slaying   |       |     2 ||     2
 Stab: Sleeping          |       |     2 ||     2
  Eat: Chunk             |     2 |     5 ||     7
Armor: Leather armour    |    27 |    24 ||    51
Dodge: Dodged            |    74 |    68 ||   142
